[Event "ICC tourney 2359 (30 5)"]
[Site "Internet Chess Club"]
[Date "2021.01.31"]
[Round "2"]
[White "infernowall"]
[Black "Evanthegreatest"]
[Result "0-1"]
[ICCResult "White checkmated"]
[WhiteElo "1064"]
[BlackElo "1229"]
[Opening "Queen's pawn game"]
[ECO "D04"]
[NIC "QP.06"]
[Time "12:01:01"]
[PlyCount "130"]
[TimeControl "1800+5"]

1. d4 Nf6 2. Nf3 d5 3. e3 Nc6 4. Bd3 a6 5. O-O Nb4 6. Be2 Bf5 7. Na3 e6 8.
c3 Nc6 9. Bd3 Bxd3 10. Qxd3 Bxa3 11. bxa3 O-O 12. c4 dxc4 13. Qxc4 Qd5 14.
Qxd5 exd5 15. Rb1 Rfb8 16. Ne5 Nxe5 17. dxe5 Nd7 18. f4 b5 19. Bd2 Nb6 20.
Ba5 c5 21. Bxb6 Rxb6 22. Rfd1 Rd8 23. Rbc1 c4 24. e4 d4 25. a4 Re6 26. axb5
axb5 27. a4 bxa4 28. Rxc4 f6 29. Rdxd4 Rxd4 30. Rxd4 Ra6 31. e6 Kf8 32. Rd7
Rxe6 33. Ra7 Rxe4 34. g3 h5 35. Ra8+ Kf7 36. Ra7+ Kg6 37. Kf2 Rc4 38. Kg2
Kh6 39. Kh3 g5 40. fxg5+ Kxg5 41. Ra5+ f5 42. Ra7 Kf6 43. Ra6+ Kg5 44. Ra5
Kf6 45. Ra6+ Ke5 46. Ra5+ Kd4 47. Rxf5 Kc3 48. Rxh5 a3 49. Rh8 Ra4 50. Rc8+
Kb3 51. Rb8+ Kc2 52. Rc8+ Kb3 53. Rb8+ Rb4 54. Ra8 a2 55. g4 Ra4 56. Rb8+
Ka3 57. g5 a1=Q 58. g6 Qc3+ 59. Kg2 Rg4+ 60. Kf2 Qf6+ 61. Ke3 Qe5+ 62. Kf2
Qxb8 63. Kf3 Qf4+ 64. Ke2 Rg2+ 65. Kd1 Qf1# { White checkmated } 0-1

[Event "ICC tourney 2359 (30 5)"]
[Site "Internet Chess Club"]
[Date "2021.01.31"]
[Round "2"]
[White "SAEpicDH"]
[Black "chessgabby"]
[Result "1-0"]
[ICCResult "Black checkmated"]
[WhiteElo "1240"]
[BlackElo "1092"]
[Opening "King's Indian: 5.Nf3"]
[ECO "E90"]
[NIC "KI.21"]
[Time "12:00:56"]
[PlyCount "113"]
[TimeControl "1800+5"]

1. d4 Nf6 2. c4 g6 3. Nc3 Bg7 4. e4 d6 5. Nf3 O-O 6. Bd3 Nbd7 7. O-O e5 8.
d5 c6 9. b4 c5 10. Ba3 b6 11. Qc2 Bh6 12. h3 Nh5 13. bxc5 Nxc5 14. Bxc5
bxc5 15. Ne2 Qf6 16. Rfe1 Bxh3 17. Ng3 Nxg3 18. fxg3 Rab8 19. Rab1 Rxb1 20.
Rxb1 Be3+ 21. Kh1 Bg5 22. Nxg5 Qxg5 23. gxh3 Qxg3 24. Bf1 Qf3+ 25. Qg2
Qxg2+ 26. Bxg2 a5 27. Rb6 Rd8 28. Ra6 f5 29. Rxa5 fxe4 30. Bxe4 g5 31. Ra7
h5 32. a4 g4 33. hxg4 hxg4 34. Kg2 Rb8 35. Kg3 Rb3+ 36. Kxg4 Rb4 37. Ra8+
Kf7 38. Bd3 Kf6 39. a5 e4 40. Bxe4 Rxc4 41. Kf4 Ra4 42. a6 c4 43. a7 c3 44.
Rf8+ Ke7 45. a8=Q Rxa8 46. Rxa8 Kf6 47. Rc8 c2 48. Rxc2 Ke7 49. Rc7+ Kd8
50. Rc6 Kd7 51. Kf5 Ke7 52. Bd3 Kd7 53. Kf6 Kd8 54. Ke6 Ke8 55. Kxd6 Kd8
56. Ke6 Ke8 57. Rc8# { Black checkmated } 1-0

[Event "ICC tourney 2359 (30 5)"]
[Site "Internet Chess Club"]
[Date "2021.01.31"]
[Round "2"]
[White "BJSARO"]
[Black "summermonkey291"]
[Result "1-0"]
[ICCResult "Black checkmated"]
[WhiteElo "1298"]
[BlackElo "1099"]
[Opening "Scandinavian defense"]
[ECO "B01"]
[NIC "SD.03"]
[Time "12:00:49"]
[PlyCount "77"]
[TimeControl "1800+5"]

1. e4 d5 2. exd5 Nf6 3. Bb5+ Bd7 4. Bc4 Bf5 5. Nc3 c6 6. dxc6 Nxc6 7. Nf3
e5 8. O-O Bc5 9. d3 O-O 10. Be3 Bd4 11. h3 Re8 12. Bxd4 exd4 13. Ne2 Qb6
14. Rb1 Re7 15. b4 Rae8 16. Re1 Qc7 17. b5 Na5 18. Nexd4 Rxe1+ 19. Nxe1 Bg6
20. Bb3 Bh5 21. Nef3 Nxb3 22. Rxb3 Rd8 23. Qd2 Re8 24. Rb1 Nd5 25. Re1
Rxe1+ 26. Qxe1 h6 27. Qe8+ Kh7 28. Qe4+ Bg6 29. Qxd5 b6 30. Ne5 Bh5 31.
Qe4+ g6 32. g4 f5 33. gxf5 gxf5 34. Qxf5+ Kh8 35. Qxh5 Qd6 36. Nf7+ Kg7 37.
Nxd6 Kg8 38. Qg6+ Kf8 39. Qf7# { Black checkmated } 1-0

[Event "ICC tourney 2359 (30 5)"]
[Site "Internet Chess Club"]
[Date "2021.01.31"]
[Round "2"]
[White "Lunastarz138"]
[Black "ChocolateSwirl"]
[Result "0-1"]
[ICCResult "White resigns"]
[WhiteElo "840"]
[BlackElo "1162"]
[Opening "Queen's pawn game"]
[ECO "D00"]
[NIC "QP.08"]
[Time "12:00:50"]
[PlyCount "96"]
[TimeControl "1800+5"]

1. d4 d5 2. e3 Nf6 3. Bd3 e6 4. Nf3 Bd6 5. Nbd2 O-O 6. O-O Nbd7 7. b3 Nb6
8. Bb2 Re8 9. Qe2 h6 10. e4 dxe4 11. Nxe4 Nbd5 12. Nxf6+ Nxf6 13. c4 b6 14.
a3 Bb7 15. b4 Qd7 16. c5 bxc5 17. dxc5 Be7 18. Bxf6 Bxf6 19. Rad1 Bxf3 20.
Qxf3 Qe7 21. Qe4 g6 22. Qe3 Bg5 23. Qh3 Qf6 24. g3 Rad8 25. f4 Qd4+ 26. Kh1
Qd5+ 27. Kg1 Qd4+ 28. Kh1 Qd5+ 29. Kg1 Qd4+ 30. Rf2 Bf6 31. Qxh6 Bg7 32.
Qh3 Qe3 33. Qf1 Qd4 34. Kh1 Qd5+ 35. Qg2 c6 36. Qxd5 Rxd5 37. Rfd2 Red8 38.
Kg1 Bc3 39. Rc2 Rxd3 40. Rxd3 Rxd3 41. Kg2 Bf6 42. Kh3 Rxa3 43. Rd2 Ra4 44.
Rd8+ Bxd8 45. Kg4 Rxb4 46. h4 a5 47. h5 a4 48. hxg6 fxg6 { White resigns }
0-1

[Event "ICC tourney 2359 (30 5)"]
[Site "Internet Chess Club"]
[Date "2021.01.31"]
[Round "2"]
[White "ChampKidP"]
[Black "SALucas"]
[Result "1-0"]
[ICCResult "Black resigns"]
[WhiteElo "1109"]
[BlackElo "1286"]
[Opening "Sicilian: closed"]
[ECO "B24"]
[NIC "SI.44"]
[Time "12:00:56"]
[PlyCount "129"]
[TimeControl "1800+5"]

1. e4 c5 2. Nc3 Nc6 3. g3 d6 4. Bg2 Nf6 5. Nge2 g6 6. d3 Bg7 7. h3 a6 8.
Be3 Bd7 9. O-O Rc8 10. Qd2 b5 11. f4 b4 12. Nd1 O-O 13. g4 h6 14. Ng3 e5
15. f5 g5 16. Bf2 Nd4 17. Ne2 Qc7 18. c3 bxc3 19. Ndxc3 Bb5 20. Nxd4 exd4
21. Nxb5 axb5 22. Rac1 Qb6 23. Bf3 Nd7 24. Be2 Ne5 25. Bg3 f6 26. Rf2 c4
27. dxc4 Nxc4 28. Bxc4+ bxc4 29. Rd1 d3 30. Qc3 Rfe8 31. a3 Rxe4 32. Rxd3
Rce8 33. Rxd6 Re1+ 34. Kg2 Qb7+ 35. Qf3 Qa7 36. Qd5+ Kh7 37. Rd7 Qe3 38.
Qb7 Re7 39. Rxe7 Qxe7 40. Qxe7 Rxe7 41. Rc2 Re4 42. Kf3 Rd4 43. Rc3 Bf8 44.
Ke3 Bc5 45. Kf3 Kg7 46. b3 Bxa3 47. bxc4 Bb4 48. Rc2 Rd3+ 49. Kg2 Bc5 50.
Bf2 Bxf2 51. Kxf2 Rd7 52. Ke3 Kf7 53. Ke4 Ke7 54. Rc3 Rc7 55. Kd5 Rd7+ 56.
Kc5 Rc7+ 57. Kb6 Rd7 58. c5 Kd8 59. c6 Rc7 60. Rd3+ Kc8 61. Rd6 Rf7 62. Re6
Kd8 63. Re3 Rg7 64. Ra3 Rc7 65. Ra8+ { Black resigns } 1-0

[Event "ICC tourney 2359 (30 5)"]
[Site "Internet Chess Club"]
[Date "2021.01.31"]
[Round "2"]
[White "Zenowing6"]
[Black "KingZacAttack"]
[Result "0-1"]
[ICCResult "White checkmated"]
[WhiteElo "858"]
[BlackElo "700"]
[Opening "Sicilian"]
[ECO "B50"]
[NIC "SI.01"]
[Time "12:01:13"]
[PlyCount "78"]
[TimeControl "1800+5"]

1. e4 c5 2. Nf3 d6 3. Bc4 Nf6 4. O-O g6 5. Nc3 Bg7 6. Re1 O-O 7. d3 Nc6 8.
Ng5 Bd7 9. Bxf7+ Rxf7 10. Nxf7 Kxf7 11. Bg5 Be6 12. Qf3 Kg8 13. Re2 Ne5 14.
Qe3 Bf7 15. Bxf6 exf6 16. Qh3 Qe7 17. Nd5 Bxd5 18. exd5 Qf7 19. Rae1 Qxd5
20. c4 Qxd3 21. Qxd3 Nxd3 22. Rd1 Ne5 23. Rxd6 Nxc4 24. Rde6 Kf7 25. Re7+
Kf8 26. Rxb7 Nd6 27. Rbe7 Re8 28. R7e3 Rb8 29. Rd3 Nc4 30. Rd7 Ne5 31. Rxa7
Nc6 32. Rd7 f5 33. Rd6 Ne5 34. Re6 Nc4 35. b3 Na5 36. Rd6 c4 37. Rb2 Bxb2
38. Rf6+ Bxf6 39. bxc4 Rb1# { White checkmated } 0-1

[Event "ICC tourney 2359 (30 5)"]
[Site "Internet Chess Club"]
[Date "2021.01.31"]
[Round "2"]
[White "Chessguy2008"]
[Black "Zaquero"]
[Result "0-1"]
[ICCResult "White checkmated"]
[WhiteElo "800"]
[BlackElo "504"]
[Opening "Scotch opening"]
[ECO "C44"]
[NIC "KP.10"]
[Time "12:00:23"]
[PlyCount "82"]
[TimeControl "1800+5"]

1. e4 e5 2. Nf3 Nc6 3. d4 d6 4. Bb5 a6 5. Bxc6+ bxc6 6. O-O Nf6 7. Nc3 Bg4
8. h3 Be6 9. Be3 Be7 10. Qd2 O-O 11. a3 Rb8 12. b3 d5 13. exd5 cxd5 14.
Nxe5 Qd6 15. Ne2 c5 16. f4 Ne4 17. Qd3 f6 18. Nf3 Qc7 19. Rfc1 c4 20. bxc4
Qxc4 21. Qxc4 dxc4 22. c3 Rb2 23. Kf1 Rfb8 24. a4 a5 25. g4 h6 26. f5 Bf7
27. Ke1 Bd6 28. Bf2 Bd5 29. Nh4 Re8 30. Kf1 Nd2+ 31. Ke1 Bf4 32. Rd1 Bg5
33. Ng6 Nf3+ 34. Kf1 Rexe2 35. Bg3 Be3 36. Ne7+ Kh7 37. Nxd5 Bg5 38. Rab1
Rbc2 39. Ra1 Bh4 40. Bxh4 Rh2 41. Bg3 Rh1# { White checkmated } 0-1

[Event "ICC tourney 2359 (30 5)"]
[Site "Internet Chess Club"]
[Date "2021.01.31"]
[Round "2"]
[White "SAanjyu"]
[Black "super-sabrina"]
[Result "1-0"]
[ICCResult "Black checkmated"]
[WhiteElo "1125"]
[BlackElo "1272"]
[Opening "Sicilian: Najdorf, Lipnitzky attack"]
[ECO "B86"]
[NIC "SI.13"]
[Time "12:01:09"]
[PlyCount "149"]
[TimeControl "1800+5"]

1. e4 c5 2. Nf3 d6 3. d4 cxd4 4. Nxd4 Nf6 5. Nc3 a6 6. Bc4 e6 7. Bg5 Be7 8.
Qd2 O-O 9. Bb3 b5 10. a4 b4 11. Nce2 Nxe4 12. Bxe7 Qxe7 13. Qe3 Bb7 14. O-O
a5 15. f3 Nf6 16. Nf5 Qd8 17. Nfg3 Nbd7 18. Rad1 Qc7 19. Rd4 Ba6 20. Rfd1
Qc5 21. Qf2 d5 22. Rh4 Qe7 23. c3 bxc3 24. Nxc3 Rab8 25. Qc2 Ne5 26. Nh5
Ng6 27. Nxf6+ Qxf6 28. Rh3 Rfc8 29. Rd2 Qe7 30. Qd1 Qb4 31. Ba2 Qb7 32. Bb1
Nf4 33. Bxh7+ Kf8 34. Rh4 g5 35. Rg4 f5 36. Bxf5 exf5 37. Rxg5 Qb6+ 38. Kh1
Qf6 39. Rg3 Kf7 40. Nxd5 Nxd5 41. Rxd5 Rd8 42. Rxd8 Rxd8 43. Qb3+ Qe6 44.
Qxe6+ Kxe6 45. h3 Rd2 46. Rg6+ Ke5 47. Rxa6 Rxb2 48. Rxa5+ Kf4 49. Rb5 Rxb5
50. axb5 Ke5 51. b6 Kd6 52. Kh2 Kc6 53. g4 fxg4 54. fxg4 Kxb6 55. h4 Kc6
56. h5 Kd6 57. Kh3 Ke7 58. g5 Kf7 59. h6 Kg6 60. Kg4 Kh7 61. Kf5 Kg8 62. g6
Kh8 63. g7+ Kg8 64. Kf6 Kh7 65. Kf7 Kxh6 66. g8=Q Kh5 67. Qg7 Kh4 68. Qg6
Kh3 69. Qg5 Kh2 70. Qg4 Kh1 71. Kf6 Kh2 72. Kf5 Kh1 73. Kf4 Kh2 74. Kf3 Kh1
75. Qg2# { Black checkmated } 1-0

[Event "ICC tourney 2359 (30 5)"]
[Site "Internet Chess Club"]
[Date "2021.01.31"]
[Round "2"]
[White "Killercow123"]
[Black "rjaichand"]
[Result "1-0"]
[ICCResult "Black checkmated"]
[WhiteElo "367"]
[BlackElo "1126"]
[Opening "Queen's pawn game"]
[ECO "A46"]
[NIC "QP.06"]
[Time "12:00:26"]
[PlyCount "169"]
[TimeControl "1800+5"]

1. d4 Nf6 2. Nf3 c5 3. e3 Nc6 4. Bd3 d5 5. c3 c4 6. Bc2 Bg4 7. Nbd2 e5 8.
dxe5 Nxe5 9. O-O Ne4 10. Bxe4 dxe4 11. Qa4+ Nc6 12. Ne5 Bd7 13. Nxd7 Qxd7
14. Qxc4 f5 15. Rd1 Ne5 16. Qe2 Qf7 17. b3 Nd3 18. Nc4 Be7 19. f3 O-O 20.
f4 g5 21. Nb2 gxf4 22. Nxd3 exd3 23. Qxd3 Rad8 24. Qe2 Rxd1+ 25. Qxd1 fxe3
26. Bxe3 Rd8 27. Qf3 Bf6 28. Bxa7 b5 29. Bb6 Rd7 30. Rc1 Qe6 31. Bf2 Qd6
32. Qg3+ Qxg3 33. Bxg3 Rd2 34. a4 bxa4 35. bxa4 Ra2 36. c4 Rxa4 37. c5 Bg5
38. Rc2 Be3+ 39. Kf1 Ra1+ 40. Ke2 Bg5 41. c6 Ra8 42. c7 Rc8 43. Be5 Kf7 44.
Kd3 Ke6 45. Kd4 Kd7 46. Kd5 Be7 47. h3 Ra8 48. g4 fxg4 49. hxg4 Ra5+ 50.
Ke4 Rc5 51. Rxc5 Bxc5 52. Kf5 h6 53. Kg6 Be3 54. Kf5 Bc5 55. Bf4 Be7 56.
Kg6 Bf8 57. Bxh6 Bd6 58. c8=Q+ Kxc8 59. Kf6 Kd7 60. Kf7 Be7 61. Bf8 Bg5 62.
Kg6 Bf4 63. Bh6 Bd6 64. Kh7 Ke6 65. g5 Be7 66. g6 Bf6 67. Bg5 Be5 68. Bh6
Bf6 69. Bg7 Bg5 70. Bb2 Be7 71. g7 Kd5 72. g8=Q+ Kd6 73. Ba3+ Kd7 74. Bxe7
Kxe7 75. Qg6 Kd7 76. Qb6 Ke7 77. Kg6 Kd7 78. Kf6 Kc8 79. Qd6 Kb7 80. Ke7
Ka7 81. Qc6 Kb8 82. Qd7 Ka8 83. Kd6 Kb8 84. Kc6 Ka8 85. Qb7# { Black
checkmated } 1-0

[Event "ICC tourney 2359 (30 5)"]
[Site "Internet Chess Club"]
[Date "2021.01.31"]
[Round "2"]
[White "CGLion3223"]
[Black "CameronSiegal"]
[Result "0-1"]
[ICCResult "White checkmated"]
[WhiteElo "922"]
[BlackElo "781"]
[Opening "French: Rubinstein variation"]
[ECO "C10"]
[NIC "FR.07"]
[Time "12:01:00"]
[PlyCount "158"]
[TimeControl "1800+5"]

1. e4 e6 2. d4 d5 3. Nc3 dxe4 4. Nxe4 Nf6 5. Bg5 Be7 6. Nc3 Nc6 7. Nf3 Nd5
8. Qd2 Nxd4 9. h4 Nxf3+ 10. gxf3 Bxg5 11. hxg5 O-O 12. Bd3 g6 13. O-O-O
Nxc3 14. bxc3 b6 15. Rh6 Kg7 16. Rdh1 Rh8 17. Qf4 f6 18. Qh4 Qg8 19. gxf6+
Kf8 20. Rxh7 Rxh7 21. Qxh7 Bb7 22. Qxg8+ Kxg8 23. Bxg6 Bxf3 24. Rh7 Rf8 25.
Rg7+ Kh8 26. Rh7+ Kg8 27. Rg7+ Kh8 28. Rxc7 Rxf6 29. Bd3 a5 30. Rh7+ Kg8
31. Rb7 Bxb7 32. Bc4 Rxf2 33. Kb2 Kf7 34. a4 Kf6 35. Kb3 e5 36. Bd3 Rf3 37.
c4 Re3 38. c5 bxc5 39. Kc4 Be4 40. Bf1 Bxc2 41. Kxc5 Bxa4 42. Kb6 Re1 43.
Bc4 e4 44. Kxa5 Bd1 45. Kb4 e3 46. Kc3 Kf5 47. Kd3 Be2+ 48. Kxe3 Bxc4+ 49.
Kd2 Rg1 50. Ke3 Rg7 51. Kd4 Bb5 52. Kc5 Be8 53. Kd6 Bh5 54. Kd5 Kg4 55. Ke4
Rg5 56. Ke3 Rf5 57. Ke4 Rf6 58. Ke5 Rf2 59. Ke4 Re2+ 60. Kd4 Kf4 61. Kd3
Re8 62. Kd4 Rd8+ 63. Kc5 Ke5 64. Kc6 Rd1 65. Kc7 Ke6 66. Kb6 Rc1 67. Kb5
Kd5 68. Kb4 Rc8 69. Kb3 Kd4 70. Kb2 Kd3 71. Kb1 Kd2 72. Ka2 Rb8 73. Ka3 Kc3
74. Ka4 Rb1 75. Ka5 Kc4 76. Ka6 Kc5 77. Ka7 Kc6 78. Ka8 Kc7 79. Ka7 Ra1# {
White checkmated } 0-1

[Event "ICC tourney 2359 (30 5)"]
[Site "Internet Chess Club"]
[Date "2021.01.31"]
[Round "3"]
[White "WDSTJ1"]
[Black "SALucas"]
[Result "0-1"]
[ICCResult "White checkmated"]
[WhiteElo "823"]
[BlackElo "1286"]
[Opening "Queen's gambit declined"]
[ECO "D30"]
[NIC "QP.08"]
[Time "14:00:48"]
[PlyCount "68"]
[TimeControl "1800+5"]

1. d4 d5 2. c4 e6 3. e3 Nf6 4. Nf3 c5 5. dxc5 Bxc5 6. Bd3 dxc4 7. Bxc4
Qxd1+ 8. Kxd1 Nc6 9. Bb5 Bd7 10. Nc3 Rd8 11. Ke1 O-O 12. e4 a6 13. Bxc6
Bxc6 14. e5 Ng4 15. Bg5 Rd7 16. Rd1 Rxd1+ 17. Kxd1 Nxf2+ 18. Ke1 Nxh1 19.
a3 Bxf3 20. gxf3 h6 21. Bd2 Bd4 22. Ne2 Bf2+ 23. Kf1 Rd8 24. Bc3 Rd1+ 25.
Kg2 Be1 26. Bd4 Bh4 27. Bc5 Rd2 28. Kf1 Rxb2 29. Nc3 Rc2 30. Bd4 Nf2 31.
Ne2 Nh3 32. Nc3 Nf4 33. Ne4 Rc4 34. Bb6 Rc1# { White checkmated } 0-1

[Event "ICC tourney 2359 (30 5)"]
[Site "Internet Chess Club"]
[Date "2021.01.31"]
[Round "3"]
[White "ZionSimmons"]
[Black "EliT"]
[Result "1-0"]
[ICCResult "Black checkmated"]
[WhiteElo "952"]
[BlackElo "378"]
[Opening "Sicilian defense"]
[ECO "B40"]
[NIC "SI.43"]
[Time "14:00:51"]
[PlyCount "37"]
[TimeControl "1800+5"]

1. e4 c5 2. Nf3 e6 3. Nc3 a6 4. a4 Nf6 5. Bc4 Nc6 6. O-O Bd6 7. d3 O-O 8.
Re1 Bc7 9. Bg5 d5 10. exd5 exd5 11. Nxd5 Bb8 12. Nxf6+ Kh8 13. Nxh7 Qd6 14.
Nxf8 Bg4 15. g3 Ne5 16. Rxe5 Bxf3 17. Qxf3 Qxe5 18. Qxf7 Qxg5 19. Qg8# {
Black checkmated } 1-0

[Event "ICC tourney 2359 (30 5)"]
[Site "Internet Chess Club"]
[Date "2021.01.31"]
[Round "3"]
[White "Andrew588"]
[Black "TorbenS"]
[Result "1-0"]
[ICCResult "Black checkmated"]
[WhiteElo "1003"]
[BlackElo "502"]
[Opening "Konstantinopolsky opening"]
[ECO "C44"]
[NIC "KP.10"]
[Time "14:00:31"]
[PlyCount "59"]
[TimeControl "1800+5"]

1. e4 e5 2. Nf3 Nc6 3. g3 d6 4. Bg2 Bg4 5. O-O Bxf3 6. Bxf3 Nf6 7. Bg2 Qd7
8. d3 O-O-O 9. h4 Ng4 10. Bh3 h5 11. f3 f5 12. fxg4 hxg4 13. Bg2 Nd4 14.
exf5 Nxf5 15. Kh2 d5 16. Bg5 Be7 17. Nc3 Bxg5 18. Nxd5 Ne3 19. Nxe3 Bxe3
20. Qe2 Bd4 21. c3 Bc5 22. Qxe5 Bd6 23. Qd5 c6 24. Qd4 Qe6 25. Qa4 Kc7 26.
Qa5+ Kd7 27. Qxa7 Qe5 28. Qxb7+ Ke8 29. Bxc6+ Rd7 30. Qxd7# { Black
checkmated } 1-0

[Event "ICC tourney 2359 (30 5)"]
[Site "Internet Chess Club"]
[Date "2021.01.31"]
[Round "3"]
[White "IsabellaRita"]
[Black "devmadhavan"]
[Result "0-1"]
[ICCResult "White checkmated"]
[WhiteElo "925"]
[BlackElo "1197"]
[Opening "Queen's bishop game"]
[ECO "D00"]
[NIC "QP.08"]
[Time "14:00:24"]
[PlyCount "54"]
[TimeControl "1800+5"]

1. d4 d5 2. Bf4 Nf6 3. Nf3 Bf5 4. e3 e6 5. c4 Bxb1 6. Rxb1 Bb4+ 7. Nd2 Ne4
8. Qa4+ Nc6 9. Bd3 Bxd2+ 10. Kf1 Qh4 11. g3 Qh3+ 12. Ke2 Bc3 13. Qc2 Nd2
14. bxc3 Qg4+ 15. Kxd2 Na5 16. Qa4+ Nc6 17. Rxb7 O-O 18. Qxc6 Qf3 19. Rf1
Qg2 20. Rxc7 Qxh2 21. cxd5 exd5 22. Qxd5 Rab8 23. Qf5 Rb2+ 24. Bc2 Rbb8 25.
g4 Qh3 26. Be4 Rb2+ 27. Kd3 Qxf1# { White checkmated } 0-1

[Event "ICC tourney 2359 (30 5)"]
[Site "Internet Chess Club"]
[Date "2021.01.31"]
[Round "3"]
[White "AnkleBreaker21"]
[Black "rchoi2010"]
[Result "0-1"]
[ICCResult "White checkmated"]
[WhiteElo "902"]
[BlackElo "744"]
[Opening "Sicilian: closed"]
[ECO "B23"]
[NIC "SI.44"]
[Time "14:01:04"]
[PlyCount "108"]
[TimeControl "1800+5"]

1. e4 c5 2. Nc3 d6 3. f4 Nc6 4. Nf3 Bg4 5. Bc4 Nf6 6. d3 g6 7. O-O Bg7 8.
Qe1 O-O 9. Qg3 b6 10. h3 Bd7 11. Nd5 Nxd5 12. Bxd5 e6 13. Bc4 Qe7 14. f5
exf5 15. exf5 Bxf5 16. Bg5 Bf6 17. Rae1 Be6 18. Nh4 Bxg5 19. Bxe6 fxe6 20.
Qg4 Bxh4 21. Rxe6 Rxf1+ 22. Kxf1 Qf7+ 23. Kg1 Qf2+ 24. Kh2 Bg3+ 25. Qxg3
Qxg3+ 26. Kxg3 Rd8 27. Kh2 Kf7 28. Re1 Re8 29. Rf1+ Kg7 30. c4 Re2 31. Rg1
Rxb2 32. a4 Rd2 33. Rc1 Rxd3 34. h4 d5 35. cxd5 Rxd5 36. Kh3 Rd4 37. g3
Rxa4 38. Rc3 c4 39. Rc2 b5 40. Kg4 c3+ 41. Kg5 b4 42. h5 Ra5+ 43. Kh4 gxh5
44. Rc1 Ra2 45. Kxh5 c2 46. g4 Rb2 47. g5 b3 48. Ra1 Rb1 49. Rxb1 cxb1=Q
50. g6 Qxg6+ 51. Kh4 Ne5 52. Kh3 b2 53. Kh2 b1=Q 54. Kh3 Qh1# { White
checkmated } 0-1

[Event "ICC tourney 2359 (30 5)"]
[Site "Internet Chess Club"]
[Date "2021.01.31"]
[Round "3"]
[White "Lunastarz138"]
[Black "sloanman"]
[Result "0-1"]
[ICCResult "White checkmated"]
[WhiteElo "840"]
[BlackElo "935"]
[Opening "Old Benoni defense"]
[ECO "A43"]
[NIC "OI.09"]
[Time "14:00:48"]
[PlyCount "40"]
[TimeControl "1800+5"]

1. d4 c5 2. e3 Nc6 3. Nf3 cxd4 4. exd4 d6 5. Bd3 e5 6. dxe5 dxe5 7. O-O Bf5
8. Bxf5 Nf6 9. Nbd2 Bb4 10. Qe2 Qc7 11. c3 Ba5 12. b4 Bb6 13. Bb2 h5 14. c4
Ng4 15. Bxg4 hxg4 16. Nxe5 O-O-O 17. c5 Rxd2 18. Qxd2 Nxe5 19. Bxe5 Qxe5
20. cxb6 Qxh2# { White checkmated } 0-1

[Event "ICC tourney 2359 (30 5)"]
[Site "Internet Chess Club"]
[Date "2021.01.31"]
[Round "3"]
[White "rjaichand"]
[Black "CharlesWilliam"]
[Result "1-0"]
[ICCResult "Black resigns"]
[WhiteElo "1126"]
[BlackElo "857"]
[Opening "King's pawn opening"]
[ECO "B07"]
[NIC "VO.17"]
[Time "14:00:15"]
[PlyCount "59"]
[TimeControl "1800+5"]

1. e4 d6 2. d4 g6 3. Bd3 Nf6 4. Nf3 Bg7 5. Be3 Bg4 6. h3 Bxf3 7. Qxf3 Nc6
8. Nc3 Nb4 9. Qd1 Nd7 10. Bc4 O-O 11. a3 Nc6 12. Qd2 e5 13. d5 Nd4 14. Ne2
Nb6 15. Ba2 c5 16. dxc6 bxc6 17. Nxd4 exd4 18. Bxd4 Be5 19. Bxe5 dxe5 20.
Qxd8 Raxd8 21. O-O Rd3 22. cxd3 c5 23. b4 cxb4 24. axb4 Na4 25. Bxf7+ Rxf7
26. Rxa4 g5 27. Rfa1 a5 28. bxa5 g4 29. hxg4 Rf5 30. gxf5 { Black resigns }
1-0

[Event "ICC tourney 2359 (30 5)"]
[Site "Internet Chess Club"]
[Date "2021.01.31"]
[Round "3"]
[White "ebkatz"]
[Black "Killercow123"]
[Result "1-0"]
[ICCResult "Black checkmated"]
[WhiteElo "1244"]
[BlackElo "367"]
[Opening "Queen's pawn"]
[ECO "A40"]
[NIC "QO.17"]
[Time "14:00:20"]
[PlyCount "101"]
[TimeControl "1800+5"]

1. d4 e6 2. Bf4 d5 3. e3 Nd7 4. Bd3 b6 5. Nd2 Bb7 6. Ngf3 Ngf6 7. c3 Nh5 8.
Bg3 Nxg3 9. hxg3 Nf6 10. Ne5 Bd6 11. Bb5+ Ke7 12. Bc6 Rb8 13. Bxb7 Rxb7 14.
Nc6+ Kd7 15. Nxd8 Kxd8 16. f3 Bxg3+ 17. Kf1 c5 18. f4 g5 19. fxg5 Nd7 20.
Qf3 Bd6 21. Qxf7 cxd4 22. Qxe6 dxc3 23. bxc3 Be7 24. g6 Nf8 25. Qxd5+ Rd7
26. Qa8+ Kc7 27. Qxa7+ Kc6 28. Qa4+ Kb7 29. g7 Rg8 30. gxf8=Q Rxf8+ 31. Ke2
Rdd8 32. Qe4+ Kc8 33. Qxe7 Rfe8 34. Qxh7 Rd7 35. Qf5 Rd8 36. Nc4 Kb7 37.
Rh7 Rxh7 38. Qxh7+ Kc6 39. Qe4+ Kc7 40. Qe7+ Rd7 41. Qe5+ Kb7 42. Rb1 Kc8
43. Nxb6+ Kd8 44. Nxd7 Kxd7 45. Rb7+ Kc6 46. Qb5+ Kd6 47. Rd7+ Ke6 48. Qd5+
Kf6 49. Rf7+ Kg6 50. Qf5+ Kh6 51. Rh7# { Black checkmated } 1-0

[Event "ICC tourney 2359 (30 5)"]
[Site "Internet Chess Club"]
[Date "2021.01.31"]
[Round "3"]
[White "arionik10"]
[Black "ModaGoat30"]
[Result "1-0"]
[ICCResult "Black checkmated"]
[WhiteElo "842"]
[BlackElo "700"]
[Opening "Scotch: Göring gambit"]
[ECO "C44"]
[NIC "SO.06"]
[Time "14:01:04"]
[PlyCount "91"]
[TimeControl "1800+5"]

1. e4 e5 2. Nf3 Nc6 3. d4 exd4 4. c3 dxc3 5. Nxc3 Nf6 6. e5 Ng4 7. Bf4 Bc5
8. Be3 Bxe3 9. fxe3 Nxe3 10. Qe2 Nf5 11. Qe4 d6 12. exd6+ Be6 13. dxc7 Qxc7
14. Bb5 O-O 15. O-O Qb6+ 16. Kh1 a6 17. Bxc6 bxc6 18. Na4 Qb7 19. b3 Rfe8
20. Rfe1 h6 21. Nc5 Qb5 22. Nxe6 fxe6 23. Ne5 g6 24. Nxc6 Nd6 25. Qxg6+ Kf8
26. Rf1+ Nf5 27. Qf6+ Kg8 28. Ne5 Rf8 29. Qg6+ Kh8 30. Nf7+ Rxf7 31. Qxf7
Ne3 32. Qf6+ Kg8 33. Qg6+ Kh8 34. Qxh6+ Kg8 35. Qxe3 e5 36. Rf5 Qe8 37.
Qg3+ Kh8 38. Qh3+ Kg8 39. Qg4+ Kh8 40. Rh5+ Qxh5 41. Qxh5+ Kg8 42. Rf1 Rf8
43. Qg5+ Kh8 44. Rxf8+ Kh7 45. Rg8 e4 46. Qg6# { Black checkmated } 1-0

[Event "ICC tourney 2359 (30 5)"]
[Site "Internet Chess Club"]
[Date "2021.01.31"]
[Round "3"]
[White "Peanutbutter222"]
[Black "Goofymammoth"]
[Result "0-1"]
[ICCResult "White checkmated"]
[WhiteElo "1204"]
[BlackElo "1254"]
[Opening "Sicilian: closed, 2...Nc6"]
[ECO "B23"]
[NIC "SI.44"]
[Time "14:01:04"]
[PlyCount "128"]
[TimeControl "1800+5"]

1. e4 c5 2. Nc3 Nc6 3. Bc4 e6 4. d3 Nf6 5. f4 d5 6. Bb3 dxe4 7. dxe4 Qxd1+
8. Nxd1 Nxe4 9. Nf3 Bd6 10. O-O b5 11. Re1 Nf6 12. a3 Bb7 13. Nc3 a6 14.
Be3 Ke7 15. Rad1 Rad8 16. f5 c4 17. Ba2 Ne5 18. Nxe5 Bxe5 19. Bc5+ Bd6 20.
Bxd6+ Rxd6 21. Rxd6 Kxd6 22. fxe6 fxe6 23. b3 cxb3 24. Bxb3 Bd5 25. Rd1 Rc8
26. Bxd5 Nxd5 27. Ne4+ Ke5 28. Re1 Rxc2 29. Ng5+ Kf5 30. Nxh7 Nf4 31. g3
Nh3+ 32. Kh1 Nf2+ 33. Kg1 Nh3+ 34. Kh1 Kg4 35. Rf1 Rf2 36. Rb1 Kh5 37. Rb4
g5 38. Rd4 g4 39. Rd7 e5 40. Re7 Kg6 41. Rxe5 Kxh7 42. Re7+ Kg6 43. Re6+
Rf6 44. Rxf6+ Kxf6 45. Kg2 Kf5 46. Kf1 Ke4 47. Ke2 a5 48. Kd2 Kf3 49. Ke1
Kg2 50. Kd2 Kxh2 51. Kd3 Kxg3 52. Kd4 Kh2 53. Kc5 g3 54. Kxb5 g2 55. Kxa5
g1=Q 56. a4 Qg8 57. Kb6 Qa8 58. a5 Kg3 59. a6 Kf4 60. a7 Ke5 61. Ka6 Kd6
62. Kb6 Kd5 63. Ka6 Kc5 64. Ka5 Qxa7# { White checkmated } 0-1

[Event "ICC tourney 2359 (30 5)"]
[Site "Internet Chess Club"]
[Date "2021.01.31"]
[Round "3"]
[White "CLGray"]
[Black "adokianos"]
[Result "1-0"]
[ICCResult "Black checkmated"]
[WhiteElo "989"]
[BlackElo "1216"]
[Opening "Queen's Pawn"]
[ECO "A41"]
[NIC "QO.17"]
[Time "14:00:12"]
[PlyCount "75"]
[TimeControl "1800+5"]

1. d4 d6 2. Bf4 Nd7 3. e3 e5 4. dxe5 dxe5 5. Bg3 f5 6. Nf3 Ngf6 7. Nxe5 Bc5
8. Bc4 Qe7 9. Nxd7 Qxd7 10. O-O Qc6 11. Nc3 Bxe3 12. Qd3 Bb6 13. Bb5 Qxb5
14. Nxb5 O-O 15. Qc4+ Kh8 16. Bxc7 Bxc7 17. Nxc7 Rb8 18. Rfe1 Bd7 19. Qc3
Rbc8 20. Re7 h6 21. Qe5 a6 22. Ne6 Bxe6 23. Qxe6 Rxc2 24. h4 Rc6 25. Qxf5
Rfc8 26. Kh2 Rc5 27. Qg6 Rg8 28. g4 Rc2 29. Kg3 Rc4 30. g5 Rg4+ 31. Kf3
Rxh4 32. gxf6 Rh3+ 33. Kg2 gxf6 34. Qxg8+ Kxg8 35. Kxh3 Kf8 36. Rae1 Kg8
37. Rxb7 h5 38. Re8# { Black checkmated } 1-0